 Dungeon Crawl Stone Soup version 0.29.1 (webtiles) character file.

Game seed: 5926741473133970861

1 concernfroge the Trooper (level 1, 0/18 HPs)
             Began as a Mummy Monk on Sept 13, 2022.
             Slain by a goblin
             ... wielding a +0 dagger
              (3 damage)
             ... on level 1 of the Dungeon.
             The game lasted 00:00:46 (107 turns).

concernfroge the Trooper (Mummy Monk)                Turns: 107, Time: 00:00:46

Health: 0/18       AC:  2    Str: 14    XL:     1   Next: 16%
Magic:  1/1        EV: 12    Int:  9    God:
Gold:   18         SH:  0    Dex: 14    Spells: 0/0 levels left

rFire   x . .      SeeInvis .   a - +0 spear
rCold   + . .      Faith    .   (no shield)
rNeg    + + +      Spirit   .   b - +0 robe
rPois   ∞          Reflect  .   (no helmet)
rElec   .          Harm     .   (no cloak)
rCorr   .          Rampage  .   (no gloves)
Will    .....                   (no boots)
Stlth   ++........              (no amulet)
HPRegen 0.06/turn               (no ring)
MPRegen 0.07/turn               (no ring)

@: no status effects
A: cold resistance 1, negative energy resistance 3, torment resistance 2, heat
vulnerability 1, no potions
a: no special abilities


You were on level 1 of the Dungeon.
You visited 1 branch of the dungeon, and saw 1 of its levels.

You collected 18 gold pieces.

Inventory:

Hand Weapons
 a - a +0 spear (weapon)
Armour
 b - a +0 robe (worn)
Scrolls
 c - a scroll of torment {unknown}


   Skills:
 + Level 3.1 Fighting
 - Level 2.4 Polearms
 - Level 2.4 Dodging
 - Level 1.5 Stealth


You couldn't memorise any spells.
You didn't know any spells.
Your spell library contained the following spells:

 Spells                   Type           Power      Damage    Failure   Level
 Dispersal                Tloc           0%         N/A       100%        6
 Disjunction              Tloc           0%         N/A       100%        8


Dungeon Overview and Level Annotations

Branches:
Dungeon (1/15)

Altars:


Innate Abilities, Weirdness & Mutations

You are immune to poison.
Your flesh is cold resistant. (rC+)
You are immune to negative energy. (rN+++)
You are immune to unholy pain and torment.
You are vulnerable to heat. (rF-)
You do not drink.


Message History

Found a trident.
The hobgoblin shouts!
You barely miss the goblin. You hit the hobgoblin.
The hobgoblin is moderately wounded.
The goblin hits you with a +0 dagger. The hobgoblin hits you.
Your unstable footing causes you to fumble your attack.
The goblin hits you with a +0 dagger. The hobgoblin barely misses you.
You hit the hobgoblin.
The hobgoblin is almost dead.
The goblin hits you with a +0 dagger.
The hobgoblin splashes around in the water.
Your unstable footing causes you to fumble your attack.
The goblin splashes around in the water.
The hobgoblin splashes around in the water.
The hobgoblin attacks as you move away! The hobgoblin barely misses you.
You hear a splashing noise.
The hobgoblin splashes around in the water.
The goblin attacks as you move away! The goblin hits you with a +0 dagger.
You are too injured to fight recklessly!
You are too injured to fight recklessly!
You are too injured to fight recklessly!
Reach: a) +0 spear
Press: ? - help, Dir - move target, f - goblin
Aim: a goblin, wielding a +0 dagger (about 44% to evade your +0 spear)
You barely miss the goblin. The goblin barely misses you.
Reach: a) +0 spear
Press: ? - help, Dir - move target, f/p - goblin
Aim: a goblin, wielding a +0 dagger (about 44% to evade your +0 spear)
You hit the goblin but do no damage. The goblin completely misses you.
Reach: a) +0 spear
Press: ? - help, Dir - move target, f/p - goblin
Aim: a goblin, wielding a +0 dagger (about 44% to evade your +0 spear)
You closely miss the goblin. The goblin hits you with a +0 dagger.
* * * LOW HITPOINT WARNING * * *
Reach: a) +0 spear
Press: ? - help, Dir - move target, f/p - goblin
Aim: a goblin, wielding a +0 dagger (about 44% to evade your +0 spear)
You barely miss the goblin. The goblin hits you with a +0 dagger.
You die...

## #.# ..##.### .#B
#.##... .. #.##..# ..
#.##..# . . #.##..# .#
..### #.##..#######.#
....###gg@..........#
...♣..♣P..##........###
......~♣.♣..#.#####.#
♣.~~♣~~..♣..# #.#
P...~~~~♣~....# #.#
..)~~~~♣♣.....# #.#
...♣~♣~ ..P...# #.#
......♣..P##### #.#
.P..P .♣##### #.#


You could see a hobgoblin and a goblin.

Vanquished Creatures
  An endoplasm (D:1)
1 creature vanquished.

Notes
Turn   | Place    | Note
-------+----------+-------------------------------------------
     0 | D:1      | concernfroge the Mummy Monk began the quest for the Orb.
     0 | D:1      | Reached XP level 1. HP: 18/18 MP: 1/1
   107 | D:1      | Slain by a goblin

Illustrated notes

Levels and vault maps discovered:
D:1:      shiori_arrival_whats_in_store_for_you, layout_loops_ring,
          hellmonk_ecumenical_altar_inner_sanctum, serial_bayou_pond_a

Action                   || total
-------------------------++-------
Melee: Spear             ||    13
Dodge: Dodged            ||     5
